Map: Polka LE

Players

Chronus

  • Race: Protoss Protoss
  • Spawn Location: 11:00

AlainBerset

  • Race: Protoss Protoss
  • League: Platinum
  • Spawn Location: 11:00

qqq - Winner!

  • Race: Zerg Zerg
  • Spawn Location: 5:00

Massa - Winner!

  • Race: Terran Terran
  • League: Platinum
  • Spawn Location: 5:00

VOD

Have the link to the VOD?

Description

Time

  • Played on: Oct. 25, 2020, 11:14 a.m.
  • Length: 9:14
Show
View Real Time Build Order
Export as new Build Order

Chronus Protoss 

Build Orders:  

Get SALT Encoding   

  12  0:00  Probe  
  13  0:16  Pylon  
  13  0:19  Probe  
  14  0:32  Probe  
  15  0:40  Gateway  
  15  0:44  Probe  
  16  0:52  Assimilator  
  16  0:56  Probe (Chrono Boost), Assimilator  
  17  1:06  Pylon  
  17  1:07  Probe (Chrono Boost)  
  18  1:12  Probe (Chrono Boost)  
  19  1:22  Probe  
  20  1:37  Cybernetics Core  
  20  1:41  Probe  
  21  1:53  Probe  
  22  1:55  Pylon  
  22  2:05  Probe  
  23  2:16  Assimilator  
  23  2:18  Probe  
  24  2:25  Pylon  
  24  2:28  Stargate  
  24  2:29  Stargate  
  23  2:30  Probe  
  23  2:35  Stalker  
  26  2:42  Probe  
  27  3:06  Nexus  
  27  3:16  Probe (Chrono Boost)  
  27  3:17  Void Ray (Chrono Boost)  
  28  3:27  Probe (Chrono Boost), Assimilator  
  33  3:33  Assimilator  
  33  3:41  Void Ray (Chrono Boost)  
  37  3:56  Probe (Chrono Boost)  
  37  3:59  Void Ray (Chrono Boost)  
  42  4:17  Probe  
  42  4:18  Pylon  
  42  4:21  Void Ray  
  43  4:24  Pylon  
  47  4:42  Probe x2  
  49  4:54  Probe  
  48  5:14  Probe x2  
  50  5:23  Void Ray x2  
  50  5:26  Probe  
  51  5:35  Probe  
  60  5:38  Probe  
  61  5:47  Probe  
  62  5:50  Probe  
  63  5:59  Probe  
  63  6:03  Probe  
  65  6:06  Nexus, Cybernetics Core, Forge  
  65  6:08  Assimilator  
  65  6:10  Pylon  
  65  6:11  Probe, Pylon  
  65  6:12  Assimilator  
  66  6:32  Phoenix x2  
  66  6:37  Pylon  
  54  6:46  Pylon  
  54  6:52  Fleet Beacon  
  50  6:55  Pylon x2  
  50  6:58  Phoenix x2  
  50  7:02  Probe x2  
  52  7:14  Probe x2  
  54  7:19  Pylon  
  54  7:23  Pylon  
  54  7:26  Probe  
  50  7:51  Probe x3  
  52  8:03  Probe  
  22  8:40  Phoenix x2 (Chrono Boost)  
  26  9:10  Photon Cannon  
  26  9:12  Photon Cannon  
Show
View Real Time Build Order
Export as new Build Order

AlainBerset Protoss 

Build Orders:  

Get SALT Encoding   

  12  0:00  Probe  
  13  0:18  Pylon  
  13  0:19  Probe  
  14  0:31  Probe  
  15  0:38  Gateway  
  15  0:44  Probe (Chrono Boost)  
  15  0:49  Assimilator  
  16  0:56  Probe (Chrono Boost)  
  17  1:04  Probe (Chrono Boost)  
  18  1:11  Probe  
  19  1:23  Probe  
  20  1:27  Cybernetics Core  
  20  1:35  Probe (Chrono Boost)  
  20  1:39  Assimilator  
  21  1:46  Probe (Chrono Boost)  
  22  2:03  Nexus  
  22  2:04  Pylon, Warp Gate (Chrono Boost)  
  22  2:20  Twilight Council  
  22  2:23  Probe  
  23  2:34  Adept  
  23  2:35  Probe  
  26  2:43  Gateway  
  26  2:47  Probe  
  26  2:48  Resonating Glaives (Chrono Boost)  
  26  3:04  Probe, Gateway  
  27  3:13  Adept  
  29  3:22  Gateway  
  29  3:24  Probe  
  29  3:26  Probe  
  31  3:42  Adept  
  33  3:48  Probe  
  33  3:53  Adept  
  36  4:08  Probe  
  36  4:09  Probe  
  38  4:12  Zealot x2  
  42  4:21  Probe x2  
  42  4:22  Charge (Chrono Boost)  
  44  4:33  Probe  
  44  4:34  Probe  
  46  4:45  Probe  
  44  4:46  Probe  
  44  4:52  Stalker x4  
  44  4:59  Probe x2  
  43  5:11  Probe x2  
  43  5:13  Assimilator  
  45  5:15  Assimilator  
  43  5:23  Probe x2  
  45  5:30  Pylon  
  45  5:32  Pylon  
  45  5:35  Probe  
  46  5:41  Robotics Facility  
  46  5:48  Probe x2  
  48  6:00  Probe  
  48  6:01  Adept x2  
  48  6:02  Adept  
  55  6:21  Dark Shrine  
  55  6:40  Forge  
  55  6:43  Observer (Chrono Boost)  
  55  6:44  Forge  
  55  6:45  Blink (Chrono Boost)  
  56  6:49  Stalker x3  
  62  7:08  Pylon  
  62  7:09  Pylon  
  62  7:17  Photon Cannon  
  62  7:24  Photon Cannon  
  62  7:26  Probe x2  
  64  7:37  Photon Cannon  
  64  7:38  Probe x2  
  63  7:44  Stalker  
  63  7:50  Probe  
  54  8:25  Probe x2  
  56  8:37  Probe x2  
  48  8:58  Stalker  
Show
View Real Time Build Order
Export as new Build Order

qqq Zerg - Winner!

Build Orders: Hatch First 

Get SALT Encoding   

  12  0:00  Drone  
  13  0:08  Drone  
  14  0:34  Hatchery  
  13  0:37  Drone  
  14  0:56  Spawning Pool  
  13  1:05  Overlord  
  13  1:08  Drone  
  13  1:11  Extractor  
  13  1:14  Drone  
  14  1:23  Drone  
  15  1:58  Drone x2  
  15  1:59  Drone x3  
  20  2:01  Queen  
  22  2:12  Drone  
  22  2:14  Drone  
  24  2:26  Drone  
  24  2:27  Drone  
  26  2:36  Zergling x2  
  27  2:40  Lair  
  27  2:48  Overlord  
  27  2:50  Drone  
  28  3:09  Drone  
  28  3:10  Drone x2  
  28  3:11  Drone  
  28  3:12  Drone  
  33  3:15  Extractor  
  33  3:17  Extractor, Drone  
  33  3:19  Hatchery  
  31  3:24  Drone x2  
  31  3:26  Drone  
  34  3:31  Drone  
  35  3:44  Drone  
  35  3:46  Overlord  
  36  3:51  Spire  
  36  3:52  Extractor, Drone  
  35  3:57  Overlord  
  34  4:15  Drone x2  
  34  4:16  Drone  
  37  4:19  Overlord  
  37  4:20  Overlord x2  
  37  4:23  Drone  
  37  4:24  Drone  
  39  4:28  Drone  
  40  4:31  Overlord  
  40  4:35  Drone  
  41  4:49  Drone  
  41  4:50  Drone x3  
  45  5:02  Mutalisk  
  45  5:03  Mutalisk x2  
  45  5:05  Mutalisk x2, Zerg Flyer Weapons Level 1  
  55  5:08  Drone  
  55  5:09  Drone  
  55  5:11  Drone  
  58  5:16  Drone  
  58  5:19  Drone  
  58  5:20  Mutalisk  
  62  5:24  Queen  
  64  5:32  Mutalisk  
  64  5:35  Overlord  
  66  5:36  Drone  
  66  5:37  Drone  
  66  5:39  Drone  
  66  5:41  Drone  
  70  5:43  Mutalisk  
  70  5:47  Drone  
  70  5:49  Spore Crawler  
  72  5:53  Spine Crawler  
  72  5:54  Extractor  
  72  5:56  Queen  
  72  5:58  Drone  
  72  5:59  Mutalisk  
  72  6:03  Mutalisk  
  77  6:07  Corruptor  
  79  6:15  Mutalisk  
  81  6:24  Mutalisk  
  79  6:37  Mutalisk  
  79  6:39  Drone x3  
  82  6:40  Overlord x4  
  82  6:54  Mutalisk x2  
  80  6:59  Drone, Zerg Flyer Armor Level 1  
  85  7:05  Extractor  
  85  7:06  Mutalisk  
  86  7:11  Drone  
  87  7:15  Hatchery  
  80  7:38  Corruptor x2  
  80  7:39  Mutalisk x3  
  80  7:40  Drone  
  80  7:41  Drone x2  
  93  7:51  Corruptor  
  93  7:53  Corruptor  
  97  8:03  Corruptor  
  99  8:13  Pneumatized Carapace  
  99  8:14  Overseer  
  97  8:49  Mutalisk x5  
  97  8:51  Drone x5  
Show
View Real Time Build Order
Export as new Build Order

Massa Terran - Winner!

Build Orders:  

Get SALT Encoding   

  12  0:00  SCV  
  13  0:13  SCV  
  14  0:24  Supply Depot  
  14  0:25  SCV  
  15  0:30  Refinery  
  15  0:46  SCV  
  15  0:47  Barracks  
  16  0:58  SCV  
  17  1:10  SCV  
  18  1:22  SCV  
  19  1:34  SCV  
  20  1:46  SCV, Reaper  
  22  2:12  Factory  
  22  2:13  Command Center  
  22  2:18  Marine  
  23  2:30  Supply Depot  
  23  2:41  Barracks Reactor  
  23  2:45  Orbital Command  
  23  2:49  Supply Depot  
  23  2:51  Supply Depot  
  23  3:15  SCV  
  23  3:19  Starport  
  24  3:21  Hellion  
  26  3:27  SCV  
  26  3:32  Supply Depot  
  27  3:36  Orbital Command  
  27  3:39  Marine  
  28  3:43  Orbital Command, Hellion  
  28  3:44  SCV  
  31  3:52  Engineering Bay  
  31  3:55  Refinery  
  31  3:56  SCV  
  31  3:57  Medivac  
  34  4:04  Hellion  
  36  4:12  Marine x2  
  36  4:15  SCV  
  36  4:16  SCV  
  40  4:26  Widow Mine, Missile Turret  
  40  4:28  SCV  
  40  4:30  Marine x2  
  44  4:47  Widow Mine, Marine x2  
  40  5:19  Starport Reactor, Marine x2  
  40  5:29  Barracks  
  40  5:31  Barracks  
  40  5:37  SCV, Marine x2  
  40  5:38  SCV  
  40  5:40  Missile Turret  
  44  5:43  Missile Turret  
  44  5:44  Missile Turret  
  44  5:49  Terran Infantry Armor Level 1, SCV  
  45  5:50  SCV, Missile Turret  
  45  5:52  Missile Turret  
  45  5:54  Supply Depot  
  45  5:55  Marine x2  
  45  5:56  Supply Depot  
  48  6:02  SCV x2  
  50  6:09  Armory  
  50  6:12  Marine  
  50  6:14  SCV x2, Liberator  
  50  6:15  Liberator  
  50  6:16  Marine  
  60  6:26  SCV  
  60  6:30  Marine  
  62  6:47  Refinery  
  62  6:48  Refinery  
  62  6:51  Missile Turret  
  62  6:59  Factory  
  62  7:01  Barracks Reactor, Barracks Tech Lab  
  62  7:07  Marine x2  
  64  7:18  Factory Tech Lab  
  64  7:25  Marine x2, Command Center  
  66  7:30  Missile Turret  
  66  7:43  Marine x2  
  68  7:51  Missile Turret  
  60  8:25  Missile Turret  
  60  8:26  Marauder  
  60  8:27  Marine x4  
  62  8:30  Factory Tech Lab  
  62  8:32  Siege Tank  
  61  8:43  Missile Turret  
  61  8:44  Marine  
  61  8:48  Marauder  
  68  8:52  SCV  
  68  8:53  SCV  
Tags
 
Add a new tag
Caveats
  • Supply blocks, unpowered buildings, or Contaminate may cause inaccurate times.
  • Supply counts are checked every 10 seconds.